 Dungeon Crawl Stone Soup version 0.28.0-53-g5a82cb258f (console) character file.

Game seed: 13583516372749925794

5900 erker the Transmogrifier (level 10, 0/56 HPs)
             Began as an Octopode Earth Elementalist on July 14, 2022.
             Was an Initiate of Gozag.
             Succumbed to a killer bee's poison
             ... on level 9 of the Dungeon on July 15, 2022.
             The game lasted 00:47:20 (10166 turns).

erker the Transmogrifier (OpEE)                    Turns: 10166, Time: 00:47:21

Health: 0/56       AC:  1    Str:  8    XL:     10   Next: 82%
Magic:  12/16      EV: 14    Int: 21    God:    Gozag
Gold:   853        SH:  0    Dex: 13    Spells: 10/17 levels left

rFire   . . .      SeeInvis +   a - +2 dagger (venom)
rCold   . . .      Faith    .   (no shield)
rNeg    . . .      Spirit   .   (helmet restricted)
rPois   +          Reflect  .   y - amulet of magic regeneration
rElec   .          Harm     .   (no ring)
rCorr   .          Rampage  .   (no ring)
Will    .....                   (no ring)
Stlth   ++++......              (no ring)
HPRegen 0.18/turn               (no ring)
MPRegen 0.55/turn               (no ring)
                                (no ring)
                                (no ring)

@: lethally poisoned (0 -> -16)
A: almost no armour, amphibious, 8 rings, camouflage 1, gelatinous body 1,
(nimble swimmer 1), tentacles, see invisible, poison resistance
a: Renounce Religion, Potion Petition, Call Merchant, Bribe Branch


You were on level 9 of the Dungeon.
You worshipped Gozag.
Gozag was pleased with you.
You visited 2 branches of the dungeon, and saw 11 of its levels.
You also visited: Ossuary.

You collected 927 gold pieces.
You paid 74 gold pieces to Gozag.

Inventory:

Hand Weapons
 a - a +2 dagger of venom (weapon)
Missiles
 b - 137 stones
 f - 4 atropa-tipped darts
 g - 44 poisoned darts (quivered)
 l - 2 throwing nets
 n - 8 boomerangs
 H - a curare-tipped dart
Magical Staves
 u - a staff of cold
Jewellery
 y - an amulet of magic regeneration (around mantle)
 z - an amulet of reflection
Wands
 o - a wand of digging (2)
 q - a wand of flame (25)
 v - a wand of mindburst (21)
Scrolls
 d - a scroll of enchant armour {unknown}
 j - 2 scrolls of vulnerability {unknown}
 k - 2 scrolls of teleportation
 p - a scroll of holy word {unknown}
 r - 2 scrolls of fog {unknown}
 s - 2 scrolls of identify {unknown}
 t - 2 scrolls of brand weapon {unknown}
 w - a scroll of noise {unknown}
 x - 2 scrolls of immolation {unknown}
 A - a scroll of blinking {unknown}
 C - a scroll of amnesia {unknown}
 E - a scroll of enchant weapon {unknown}
 G - 3 scrolls of fear {unknown}
Potions
 c - a potion of berserk rage {unknown}
 e - 2 potions of heal wounds {unknown}
 h - 3 potions of mutation
 i - a potion of magic {unknown}
 m - 3 potions of invisibility {unknown}
 B - a potion of ambrosia {unknown}
 D - a potion of resistance {unknown}
 F - a potion of might {unknown}


   Skills:
 - Level 4.0 Short Blades
 + Level 3.6 Dodging
 - Level 6.0 Stealth
 - Level 2.0 Unarmed Combat
 - Level 4.0 Spellcasting
 + Level 10.4 Transmutations
 + Level 2.8 Ice Magic
 * Level 9.2 Earth Magic


You had 10 spell levels left.
You knew the following spells:

 Your Spells              Type           Power      Damage    Failure   Level
a - Sandblast             Erth           84%        2d18      1%          1
p - Petrify               Tmut/Erth      45%        N/A       1%          4
w - Passwall              Tmut/Erth      37%        N/A       1%          2

Your spell library contained the following spells:

 Spells                   Type           Power      Damage    Failure   Level
 Stone Arrow              Conj/Erth      46%        3d9       5%          3
 Lee's Rapid Deconstruct  Erth           21%        3d13*     8%          5
 Ozocubu's Armour         Ice            16%        N/A       11%         3
 Gell's Gravitas          Tloc           4%         N/A       34%         3
 Teleport Other           Tloc           4%         N/A       34%         3
 Fulminant Prism          Conj/Hex       2%         3d6       75%         4
 Iskenderun's Mystic Bla  Conj/Tloc      4%         2d3       75%         4
 Dispersal                Tloc           2%         N/A       100%        6
 Ozocubu's Refrigeration  Ice            8%         4d6       100%        7


Dungeon Overview and Level Annotations

Branches:
Dungeon (10/15)            Temple (1/1) D:5            Lair (0/6) D:8
Ossuary (visited)
    Orc: D:9-12

Altars:
Ashenzari
Cheibriados
Dithmenos
Fedhas
Gozag
Hepliaklqana
Kikubaaqudgha
Makhleb
Nemelex Xobeh
Okawaru
Qazlal
Ru
Sif Muna
Trog
Uskayaw
Vehumet
Wu Jian
Xom
Yredelemnul
Zin

Shops:
D:1 (

Annotations:
D:3 1 runed translucent door, Crazy Yiuf, Terence
D:4 2 transporters, Edmund; SHADDY's ghost, amateur DDFi
D:5 Dowan
D:6 Maggie
D:8 exclusion: yak, Grum
D:9 Erica


Innate Abilities, Weirdness & Mutations

You cannot wear most types of armour.
You are amphibious.
You can wear up to eight rings at the same time.
Your skin changes colour to match your surroundings (Stealth+).
Your rubbery body absorbs attacks. (AC +1, EV +1)
((You are camouflaged when in or above water. (Stealth+)))
You have tentacles for arms and can constrict up to eight enemies at once.
You have supernaturally acute eyesight. (SInv)
Your system is resistant to poisons. (rPois)


Message History

The killer bee stings you!
* * * LOW HITPOINT WARNING * * *
Casting: Sandblast (safe; 1% risk of failure)
Confirm with . or Enter, or press ? or * to list all spells.
Aiming: Sandblast (safe; 1% risk of failure)
Press: ? - help, Shift-Dir - straight line, f - killer bee, p - killer bee
Aim: a killer bee (65% to hit)
The blast of sand hits the killer bee!
The killer bee is heavily wounded.
b - 139 stones You feel sick.
The killer bee stings you.
* * * LOW HITPOINT WARNING * * *
You are more poisoned.
The killer bee poisons you! The killer bee barely misses you.
Casting: Sandblast (safe; 1% risk of failure)
Confirm with . or Enter, or press ? or * to list all spells.
Aiming: Sandblast (safe; 1% risk of failure)
Press: ? - help, Shift-Dir - straight line, f/p - killer bee
Aim: a killer bee (65% to hit)
The blast of sand misses the killer bee.
The blast of sand hits the killer bee!!
You kill the killer bee!
b - 138 stones You feel sick.
The killer bee completely misses you. The killer bee barely misses you.
Casting: Sandblast (safe; 1% risk of failure)
Confirm with . or Enter, or press ? or * to list all spells.
Aiming: Sandblast (safe; 1% risk of failure)
Press: ? - help, Shift-Dir - straight line, f - killer bee
Aim: a killer bee (heavily wounded, 65% to hit)
The blast of sand misses the killer bee.
b - 137 stones You feel sick.
The killer bee stings you.
* * * LOW HITPOINT WARNING * * *
You are more poisoned.
The killer bee poisons you! The killer bee closely misses you.
It was a potion of mutation.
You feel extremely strange.
Your vision sharpens.
You feel resistant to poisons.
You die...
Your body crumbles into a pile of gold.

#..# #..# #.# #..#
#..# #.# #..# #.y#
#.# #..# #..# #.#
#..# #.y# #.# #..#
#..# #.# #..# #..#
#.#
#..########..#####.#
..............$y@.(#
####################


You could see a killer bee.

Vanquished Creatures
  2 two-headed ogres (D:9)
  Pikel (D:6)
  An ugly thing (D:7)
  A kobold demonologist (D:9)
  Grinder (D:6)
  3 yaks (D:9)
  A steam dragon (D:7)
  Menkaure (D:5)
  A water moccasin (D:6)
  A sky beast (D:7)
  An orc warrior (D:6)
  2 ogres (D:5)
  2 black bears
  A necrophage (D:6)
  A centaur (D:9)
  A phantom (D:6)
  6 kobold brigands (D:9)
  Blork the orc (D:5)
  2 bullfrogs
  A gnoll sergeant (D:7)
  2 scorpions
  3 killer bees (D:9)
  5 wights (D:7)
  A howler monkey (D:6)
  5 centaur zombies (Ossuary)
  A bullfrog skeleton (D:7)
  2 hounds (D:5)
  A jelly (D:5)
  An orc priest (D:6)
  A centaur skeleton (D:7)
  Ijyb (D:5)
  3 orc wizards (D:6)
  5 mummies (Ossuary)
  4 gnolls (D:7)
  A howler monkey skeleton (D:6)
  8 adders
  A shadow imp (D:6)
  A white imp (D:6)
  An ufetubus (D:6)
  A dart slug (D:2)
  12 orcs
  4 bats
  7 endoplasms
  A giant cockroach (D:2)
  5 goblins
  5 hobgoblins
  2 jackals (D:1)
  7 quokkas
  7 ball pythons
  6 frilled lizards
  3 hobgoblin zombies (Ossuary)
  20 kobolds
  6 rats
164 creatures vanquished.

Vanquished Creatures (others)
  4 fungi (D:2)
  13 plants
17 creatures vanquished.

Grand Total: 181 creatures vanquished

Notes
Turn   | Place    | Note
-------+----------+-------------------------------------------
     0 | D:1      | erker the Octopode Earth Elementalist began the quest for
                  | the Orb.
     0 | D:1      | Reached XP level 1. HP: 11/11 MP: 3/3
   157 | D:1      | Found Yniasupa's Antique Weapon Emporium.
   568 | D:1      | Reached XP level 2. HP: 17/17 MP: 3/5
   571 | D:1      | Learned a level 2 spell: Passwall
  1403 | D:1      | Reached skill level 1 in Unarmed Combat
  1403 | D:1      | Reached XP level 3. HP: 18/21 MP: 6/6
  2017 | D:2      | Found a faded altar of an unknown god.
  2270 | D:2      | Found a shadowy altar of Dithmenos.
  2275 | D:2      | Reached XP level 4. HP: 27/27 MP: 5/7
  2870 | D:2      | Learned a level 4 spell: Petrify
  3307 | D:3      | Found a runed translucent door.
  3308 | D:3      | Noticed Crazy Yiuf
  3355 | D:3      | Reached skill level 2 in Transmutations
  3484 | D:3      | Noticed Terence
  3616 | D:4      | Found a burning altar of Makhleb.
  3674 | D:4      | Noticed Edmund
  3678 | D:4      | Noticed a necrophage
  3737 | D:4      | Found a transporter.
  3738 | D:4      | Noticed SHADDY's ghost (amateur DDFi)
  3739 | D:4      | Identified the +6 great mace "Sarcophage" {pain, rF+}
  3739 | D:4      | Noticed an ogre
  3740 | D:4      | Noticed an ogre
  3746 | D:4      | Found a transporter.
  3816 | D:5      | Entered Level 5 of the Dungeon
  3818 | D:5      | Reached XP level 5. HP: 31/31 MP: 6/8
  3969 | D:5      | Noticed Menkaure
  3980 | D:5      | Reached skill level 3 in Transmutations
  3992 | D:5      | Killed Menkaure
  3993 | D:5      | Reached skill level 4 in Transmutations
  3993 | D:5      | Reached XP level 6. HP: 34/36 MP: 3/9
  4045 | D:5      | Noticed Dowan
  4084 | D:5      | Found a radiant altar of Vehumet.
  4132 | D:5      | Reached skill level 5 in Transmutations
  4132 | D:5      | Reached skill level 5 in Earth Magic
  4132 | D:5      | Reached XP level 7. HP: 30/41 MP: 5/10
  4285 | D:5      | Noticed Blork the orc
  4334 | D:5      | Noticed Ijyb
  4343 | D:5      | Killed Ijyb
  4467 | D:5      | Found a staircase to the Ecumenical Temple.
  4476 | Temple   | Entered the Ecumenical Temple
  4527 | Temple   | Became a worshipper of Gozag Ym Sagoz the Greedy
  4784 | D:6      | Noticed Pikel
  4983 | D:5      | Killed Blork the orc
  5206 | D:6      | Reached skill level 6 in Transmutations
  5220 | D:6      | Reached skill level 1 in Short Blades
  5220 | D:6      | Reached XP level 8. HP: 44/46 MP: 6/11
  5283 | D:6      | Noticed Maggie
  5604 | D:6      | Noticed Grinder
  5609 | D:6      | Killed Grinder
  5754 | D:6      | Killed Pikel
  5755 | D:6      | Reached skill level 5 in Stealth
  5755 | D:6      | Reached XP level 9. HP: 43/51 MP: 11/15
  6484 | D:7      | Reached skill level 7 in Transmutations
  6658 | D:7      | Noticed a green ugly thing
  7224 | D:7      | Killed a green ugly thing
  7225 | D:7      | Reached skill level 8 in Transmutations
  7589 | D:8      | Found a sand-covered staircase.
  7594 | Ossuary  | Entered an ossuary
  7648 | Ossuary  | Reached skill level 9 in Transmutations
  7805 | Ossuary  | Reached XP level 10. HP: 27/56 MP: 14/16
  8118 | D:8      | Found a shimmering altar of Xom.
  8119 | D:8      | Found a hazy altar of Hepliaklqana.
  8120 | D:8      | Noticed a spectral ugly thing
  8120 | D:8      | Noticed a tentacled monstrosity
  8156 | D:8      | Noticed Grum
  8186 | D:8      | Found a staircase to the Lair.
  8203 | D:8      | Found a bloodstained altar of Trog.
  8331 | D:9      | Found a sparkling altar of Nemelex Xobeh.
  8331 | D:9      | Noticed a two-headed ogre
  8382 | D:9      | Killed a two-headed ogre
  8383 | D:9      | Reached skill level 10 in Transmutations
  8499 | D:9      | Noticed a two-headed ogre
  8510 | D:9      | Killed a two-headed ogre
  8511 | D:9      | Reached skill level 1 in Ice Magic
  8548 | D:9      | Noticed Erica
  8602 | D:9      | Found a stormy altar of Qazlal.
  8639 | D:9      | Noticed a kobold demonologist
  9045 | D:9      | Noticed an orange demon
  9517 | D:10     | Entered Level 10 of the Dungeon
  9640 | D:9      | Killed a kobold demonologist
 10166 | D:9      | Gained mutation: You have supernaturally acute eyesight.
                  | (SInv) [potion of mutation]
 10166 | D:9      | Gained mutation: Your system is resistant to poisons.
                  | (rPois) [potion of mutation]
 10166 | D:9      | Succumbed to a killer bee's poison

Illustrated notes

Levels and vault maps discovered:
D:1:      lemuel_arrival_funnel, layout_basic, serial_forest,
          infiniplex_forest_clump_small, infiniplex_forest_pool,
          infiniplex_forest_lined_room_2, infiniplex_forest_lined_2,
          infiniplex_forest_fountain, infiniplex_forest_clump_double,
          serial_shops, shop, nrook_mini_vaults, minivault_5,
          lexackson_kobold_supper
D:2:      layout_basic, dreamdust_ecumenical_altar_grove, basic_altar
D:3:      layout_rooms, serial_bayou_lagoon_a, uniq_crazy_yiuf_cottage,
          uniq_terence
D:4:      kennysheep_spiral_hall, layout_loops_corners,
          mainiacjoe_overflow_small_starburst, nicolae_tso_carved_into_rock,
          mainiacjoe_overflow_concentric_impassable, gammafunk_ghost_smash,
          uniq_edmund
D:5:      layout_rooms, mainiacjoe_overflow_brackets,
          minmay_temple_entry_overgrown, serial_corexii_hall,
          corexii_hall_statues_l, chequers_hall_statues_y, uniq_menkaure,
          uniq_blork_the_orc, uniq_ijyb, uniq_duvessa
D:6:      layout_rooms, uniq_pikel, uniq_grinder, uniq_maggie
D:7:      layout_loops_ring
D:8:      nicolae_cairo_tiling_large_dashed, layout_loops_ring,
          regret_index_temple_of_mockery, mainiacjoe_overflow_tiny_flanked,
          lair_entry_dummy, enter_ossuary_2, uniq_grum
D:9:      layout_long_grid, kennysheep_little_box, mainiacjoe_overflow_24_doors,
          hangedman_minor_magic, uniq_erica
D:10:     hellmonk_crumbling_castle, layout_stronghold
Temple:   cyrus_circular_temple

Skill      XL: |  1  2  3  4  5  6  7  8  9 10 |
---------------+-------------------------------+-----
Stealth        | 3 4 5 6 |  6.0
Unarmed Combat | 1 2 |  2.0
Earth Magic    | 4 5 6 8 9 |  9.2
Transmutations | 2 4 5 6 9 10 | 10.4
Short Blades   | 1 4 |  4.0
Spellcasting   | 4 |  4.0
Ice Magic      | 2 |  2.8
Dodging        | 3 |  3.6

Action                   |  1- 3 |  4- 6 |  7- 9 | 10-12 || total
-------------------------+-------+-------+-------+-------++-------
Melee: Unarmed           |    13 |       |       |       ||    13
       Constrict         |    18 |    19 |    24 |     8 ||    69
       Tentacles         |    13 |    16 |    36 |    11 ||    76
       Dagger            |    48 |    55 |    96 |    47 ||   246
       Punch             |     2 |     1 |     4 |       ||     7
Throw: Dart              |       |       |     4 |     8 ||    12
 Cast: Sandblast         |    20 |    19 |    67 |    35 ||   141
       Passwall          |       |     5 |     6 |     1 ||    12
       Petrify           |       |       |    19 |    16 ||    35
Evoke: Wand              |       |       |       |     2 ||     2
  Use: Scroll            |       |       |       |     1 ||     1
       Potion            |       |       |       |     1 ||     1
 Stab: Sleeping          |    12 |     9 |     5 |     2 ||    28
       Petrified         |       |       |    35 |    20 ||    55
       Distracted        |       |       |     1 |       ||     1
       Petrifying        |       |       |     1 |       ||     1
Armor: Skin              |     2 |     8 |     3 |       ||    13
Dodge: Dodged            |    36 |    36 |    43 |    32 ||   147
